Rock Island Raccoons vs Atlantic City Gamblers
Created - Sunday, April 9, 2023 at 07:59
Goals
|
| Rock Island Raccoons |
1 |
2 |
1 |
4 |
| Atlantic City Gamblers |
2 |
1 |
0 |
3 |
|
Shots
|
| Rock Island Raccoons |
14 |
7 |
10 |
31 |
| Atlantic City Gamblers |
11 |
15 |
5 |
31 |
|
1st period
1. Rock Island Raccoons , Filip Chytil 7 (Alex Barre-Boulet 7) at 14:18
2. Atlantic City Gamblers , Yegor Chinakhov 10 (Jakub Lauko 7, Egor Sokolov 7) at 16:02
3. Atlantic City Gamblers , Callan Foote 2 (Boris Katchouk 7, Jean-Luc Foudy 9) at 19:58 (PP)
Penalties :
Luke Kunin (ACG) for Tripping (Minor) at 12:03, Andrew Ladd (RIR) for Hooking (Minor) at 19:19
2nd period
4. Rock Island Raccoons , Dryden Hunt 2 (Alex Barre-Boulet 8, Ryan Lindgren 9) at 7:52 (PP)
5. Atlantic City Gamblers , Yegor Chinakhov 11 (Nils Hoglander 18, Luke Kunin 25) at 12:20
6. Rock Island Raccoons , Luke Glendening 16 (Carl Hagelin 21, Brendan Smith 11) at 12:43 (PP)
Penalties :
Nils Hoglander (ACG) for Hooking (Minor) at 0:15, Ronald Attard (ACG) for Kneeing (Minor) at 2:47, Yegor Chinakhov (ACG) for High sticking (Double Minor) at 5:34, Luke Kunin (ACG) for Tripping (Minor) at 12:29
3rd period
7. Rock Island Raccoons , Brian Boyle 5 (Filip Chytil 9, Alex Barre-Boulet 9) at 16:47
Penalties :
Boris Katchouk (ACG) for Hooking (Minor) at 1:48, Jake Walman (RIR) for Hooking (Minor) at 4:20, Andrew Ladd (RIR) for Hooking (Minor) at 18:53
Goalie Stats
Craig Anderson (RIR), 28 saves from 31 shots - (0.903), W, 1-0-0, 60:00 minutes
David Hrenak (ACG), 27 saves from 31 shots - (0.871), L, 0-2-0, 58:48 minutes
Players Stats for Rock Island Raccoons
Player Name G A P +/- PIM S H SB GA TA FO MP PP MP PK MP
------------------------------------------------------------------------------------
Alex Barre-Boulet 0 3 3 0 0 1 0 0 0 0 0/0 14:11 0:30 0:00
Andrew Ladd 0 0 0 0 4 2 2 0 0 0 1/1 19:16 4:38 0:46
Andy Greene 0 0 0 0 0 0 1 1 1 1 0/0 26:34 6:16 2:04
Ben Harpur 0 0 0 2 0 0 1 0 0 0 0/0 12:16 0:05 0:00
Brendan Smith 0 1 1 0 0 2 1 0 0 0 1/1 21:04 5:30 1:43
Brian Boyle 1 0 1 0 0 2 1 0 0 0 0/0 13:24 0:14 0:00
Carl Hagelin 0 1 1 0 0 4 1 2 2 0 0/0 23:48 5:23 2:13
Drake Caggiula 0 0 0 0 0 3 1 0 0 0 1/1 18:42 4:38 0:10
Dryden Hunt 1 0 1 0 0 2 2 0 0 0 0/0 2:21 0:20 0:00
Filip Chytil 1 1 2 0 0 3 2 0 0 0 0/5 14:02 0:00 0:52
Gustav Lindstrom 0 0 0 -2 0 1 2 1 0 0 0/0 19:46 4:10 0:13
Jake Walman 0 0 0 2 2 0 0 1 0 0 0/0 12:17 0:00 0:00
Logan Stanley 0 0 0 -2 0 4 1 0 0 0 0/0 20:48 4:10 1:40
Luke Glendening 1 0 1 0 0 3 3 1 0 0 23/33 21:10 5:30 2:14
Mathieu Perreault 0 0 0 0 0 3 2 0 1 0 8/10 19:36 4:38 0:57
Nate Thompson 0 0 0 0 0 0 0 0 0 0 0/0 5:11 0:00 0:00
Ryan Lindgren 0 1 1 0 0 0 1 2 2 0 0/0 26:36 6:18 2:04
Sam Carrick 0 0 0 0 0 1 0 0 0 0 0/0 5:11 0:00 0:00
Players Stats for Atlantic City Gamblers
Player Name G A P +/- PIM S H SB GA TA FO MP PP MP PK MP
------------------------------------------------------------------------------------
Alex Beaucage 0 0 0 0 0 2 1 0 0 0 1/2 12:21 0:00 0:00
Boris Katchouk 0 1 1 1 2 4 0 0 0 0 0/1 16:44 1:46 0:00
Callan Foote 1 0 1 1 0 2 2 1 0 0 0/0 25:16 2:38 6:00
Cam Dineen 0 0 0 -2 0 0 0 2 0 0 0/0 18:04 1:06 3:49
Cody Glass 0 0 0 0 0 1 1 2 1 2 0/0 24:00 1:58 5:17
Egor Sokolov 0 1 1 -1 0 2 2 0 0 0 0/0 13:30 0:00 1:13
Jakub Lauko 0 1 1 -2 0 3 1 0 0 0 4/9 15:31 0:00 3:03
Jean-Luc Foudy 0 1 1 1 0 2 1 0 0 0 2/10 18:39 1:46 1:40
Layton Ahac 0 0 0 0 0 0 0 0 0 0 0/0 6:49 0:00 0:00
Luke Kunin 0 1 1 -1 4 3 3 2 0 1 9/26 22:26 1:58 3:57
Michael Vukojevic 0 0 0 1 0 0 0 2 0 1 0/0 10:57 0:00 1:04
Nick Henry 0 0 0 0 0 0 0 0 0 0 0/0 5:15 0:00 0:00
Nils Hoglander 0 1 1 0 2 5 0 3 0 1 0/1 20:30 1:58 3:18
Ronald Attard 0 0 0 -2 2 1 1 0 0 0 0/0 16:29 1:06 2:42
Thomas Harley 0 0 0 1 0 0 0 0 0 1 0/0 10:00 0:00 0:06
Ty Smith 0 0 0 1 0 1 4 1 0 0 0/0 26:03 2:38 6:31
Xavier Bernard 0 0 0 0 0 0 0 0 0 0 0/0 7:33 0:00 0:44
Yegor Chinakhov 2 0 2 2 4 5 3 1 0 0 1/2 19:19 1:46 2:28
3 Stars
1 - Yegor Chinakhov (ACG)
2 - Filip Chytil (RIR)
3 - Alex Barre-Boulet (RIR)
Power Play
Rock Island Raccoons - 2 on 7 Attempt(s) - 28.57%
Atlantic City Gamblers - 1 on 3 Attempt(s) - 33.33%
Penalty Kill
Rock Island Raccoons - 2 on 3 Attempt(s) - 66.67%
- Score 0 goal in Penalty Kill
Atlantic City Gamblers - 5 on 7 Attempt(s) - 71.43%
- Score 0 goal in Penalty Kill
Team Stat
Rock Island Raccoons - Hits : 21 - Faceoff Wins : 34 - Blocked Shots : 8 - Penalty Minutes : 6
Atlantic City Gamblers - Hits : 19 - Faceoff Wins : 17 - Blocked Shots : 14 - Penalty Minutes : 14
Official
Referees : Wes McCauley and TJ Luxmore
Linesman : Unknown
Game Notes
No Game Note
Rock Island Raccoons
5 vs 5 Forward
Center Left Wing Right Wing Time % Phy DF OF
1 Luke Glendening Carl Hagelin Brendan Smith 40 1 2 2
2 Mathieu Perreault Andrew Ladd Drake Caggiula 30 1 2 2
3 Filip Chytil Brian Boyle Alex Barre-Boulet 20 1 2 2
4 Sam Carrick Nate Thompson Carl Hagelin 10 1 2 2
5 vs 5 Defense
Defense Defense Time % Phy DF OF
1 Ryan Lindgren Andy Greene 40 1 2 2
2 Logan Stanley Gustav Lindstrom 30 1 2 2
3 Ben Harpur Jake Walman 20 1 2 2
4 Ryan Lindgren Andy Greene 10 1 2 2
PowerPlay Forward
Center Left Wing Right Wing Time % Phy DF OF
1 Luke Glendening Carl Hagelin Brendan Smith 60 1 2 2
2 Mathieu Perreault Andrew Ladd Drake Caggiula 40 1 2 2
PowerPlay Defense
Defense Defense Time % Phy DF OF
1 Ryan Lindgren Andy Greene 60 1 2 2
2 Logan Stanley Gustav Lindstrom 40 1 2 2
Penalty Kill 4 Players Forward
Center Wing Time % Phy DF OF
1 Luke Glendening Carl Hagelin 60 1 2 2
2 Mathieu Perreault Andrew Ladd 40 1 2 2
Penalty Kill 4 Players Defense
Defense Defense Time % Phy DF OF
1 Ryan Lindgren Andy Greene 60 1 2 2
2 Logan Stanley Brendan Smith 40 1 2 2
Penalty Kill - 3 Players Forward
Forward Time % Phy DF OF
1 Luke Glendening 60 1 2 2
2 Carl Hagelin 40 1 2 2
Penalty Kill - 3 Players Defense
Defense Defense Time % Phy DF OF
1 Ryan Lindgren Andy Greene 60 1 2 2
2 Logan Stanley Brendan Smith 40 1 2 2
4 vs 4 Forward
Center Wing Time % Phy DF OF
1 Luke Glendening Carl Hagelin 60 1 2 2
2 Mathieu Perreault Andrew Ladd 40 1 2 2
4 vs 4 Defense
Defense Defense Time % Phy DF OF
1 Ryan Lindgren Andy Greene 60 1 2 2
2 Logan Stanley Brendan Smith 40 1 2 2
Last Minutes Offensive
Center Left Wing Right Wing Defense Defense
Luke Glendening Carl Hagelin Brendan Smith Ryan Lindgren Andy Greene
Last Minutes Defensive
Center Left Wing Right Wing Defense Defense
Luke Glendening Carl Hagelin Brendan Smith Ryan Lindgren Andy Greene
Goaltenders
Starting : Craig Anderson
Backup : Braden Holtby
Extra Forwards
Normal : Alex Barre-Boulet, Dryden Hunt, Filip Chytil - PP : Alex Barre-Boulet, Dryden Hunt - PK : Filip Chytil
Extra Defensemen
Normal : Ben Harpur, Jake Walman, Gustav Lindstrom - PP : Ben Harpur - PK : Jake Walman, Gustav Lindstrom
Penalty Shots
Luke Glendening, Carl Hagelin, Brendan Smith, Mathieu Perreault, Andrew Ladd
Atlantic City Gamblers
5 vs 5 Forward
Center Left Wing Right Wing Time % Phy DF OF
1 Luke Kunin Nils Hoglander Cody Glass 40 1 2 2
2 Jean-Luc Foudy Boris Katchouk Yegor Chinakhov 30 1 2 2
3 Jakub Lauko Egor Sokolov Alex Beaucage 20 1 2 2
4 Luke Kunin Cody Glass Nick Henry 10 1 2 2
5 vs 5 Defense
Defense Defense Time % Phy DF OF
1 Ty Smith Callan Foote 40 1 2 2
2 Ronald Attard Cam Dineen 30 1 2 2
3 Thomas Harley Michael Vukojevic 20 1 2 2
4 Xavier Bernard Layton Ahac 10 1 2 2
PowerPlay Forward
Center Left Wing Right Wing Time % Phy DF OF
1 Luke Kunin Nils Hoglander Cody Glass 60 1 2 2
2 Jean-Luc Foudy Boris Katchouk Yegor Chinakhov 40 1 2 2
PowerPlay Defense
Defense Defense Time % Phy DF OF
1 Ty Smith Callan Foote 60 1 2 2
2 Ronald Attard Cam Dineen 40 1 2 2
Penalty Kill 4 Players Forward
Center Wing Time % Phy DF OF
1 Luke Kunin Cody Glass 60 1 2 2
2 Nils Hoglander Yegor Chinakhov 40 1 2 2
Penalty Kill 4 Players Defense
Defense Defense Time % Phy DF OF
1 Ty Smith Callan Foote 60 1 2 2
2 Ronald Attard Cam Dineen 40 1 2 2
Penalty Kill - 3 Players Forward
Forward Time % Phy DF OF
1 Luke Kunin 60 1 2 2
2 Cody Glass 40 1 2 2
Penalty Kill - 3 Players Defense
Defense Defense Time % Phy DF OF
1 Ty Smith Callan Foote 60 1 2 2
2 Ronald Attard Cam Dineen 40 1 2 2
4 vs 4 Forward
Center Wing Time % Phy DF OF
1 Luke Kunin Cody Glass 60 1 2 2
2 Nils Hoglander Yegor Chinakhov 40 1 2 2
4 vs 4 Defense
Defense Defense Time % Phy DF OF
1 Ty Smith Callan Foote 60 1 2 2
2 Ronald Attard Cam Dineen 40 1 2 2
Last Minutes Offensive
Center Left Wing Right Wing Defense Defense
Luke Kunin Nils Hoglander Cody Glass Ty Smith Callan Foote
Last Minutes Defensive
Center Left Wing Right Wing Defense Defense
Luke Kunin Nils Hoglander Cody Glass Ty Smith Callan Foote
Goaltenders
Starting : David Hrenak
Backup : Tuukka Rask
Extra Forwards
Normal : Egor Sokolov, Alex Beaucage, Jakub Lauko - PP : Egor Sokolov, Alex Beaucage - PK : Jakub Lauko
Extra Defensemen
Normal : Thomas Harley, Michael Vukojevic, Xavier Bernard - PP : Thomas Harley - PK : Michael Vukojevic, Xavier Bernard
Penalty Shots
Luke Kunin, Cody Glass, Nils Hoglander, Yegor Chinakhov, Boris Katchouk
% Time on Ice - Rock Island Raccoons
Lines # - Real PCT - Wanted PCT - Time Play
Normal Forward
1 - 30% - 40% - 13:33
2 - 30% - 30% - 13:54
3 - 29% - 20% - 13:10
4 - 11% - 10% - 5:11
Normal Defense
1 - 38% - 40% - 17:22
2 - 34% - 30% - 15:23
3 - 27% - 20% - 12:11
4 - 2% - 10% - 0:52
PP Forward
1 - 56% - 60% - 5:50
2 - 44% - 40% - 4:38
PP Defense
1 - 60% - 60% - 6:18
2 - 40% - 40% - 4:10
PK Forward
1 - 83% - 60% - 3:07
2 - 17% - 40% - 0:37
PK Defense
1 - 55% - 60% - 2:04
2 - 45% - 40% - 1:40
PK3 Forward
1 - 0% - 60%
2 - 0% - 40%
PK3 Defense
1 - 0% - 60%
2 - 0% - 40%
44 Forward
1 - 0% - 60%
2 - 0% - 40%
44 Defense
1 - 0% - 60%
2 - 0% - 40%
Last Minute Offensive - 0:00
Last Minute Defensive - 0:00
Total
Forward - 60:00
Defense - 60:00
|
% Time on Ice - Atlantic City Gamblers
Lines # - Real PCT - Wanted PCT - Time Play
Normal Forward
1 - 32% - 40% - 14:27
2 - 33% - 30% - 15:00
3 - 26% - 20% - 11:45
4 - 10% - 10% - 4:36
Normal Defense
1 - 36% - 40% - 16:24
2 - 28% - 30% - 12:42
3 - 22% - 20% - 9:53
4 - 15% - 10% - 6:49
PP Forward
1 - 53% - 60% - 1:58
2 - 47% - 40% - 1:46
PP Defense
1 - 71% - 60% - 2:38
2 - 29% - 40% - 1:06
PK Forward
1 - 64% - 60% - 6:40
2 - 36% - 40% - 3:48
PK Defense
1 - 56% - 60% - 5:54
2 - 44% - 40% - 4:34
PK3 Forward
1 - 0% - 60%
2 - 0% - 40%
PK3 Defense
1 - 0% - 60%
2 - 0% - 40%
44 Forward
1 - 0% - 60%
2 - 0% - 40%
44 Defense
1 - 0% - 60%
2 - 0% - 40%
Last Minute Offensive - 0:00
Last Minute Defensive - 0:00
Total
Forward - 60:00
Defense - 60:00
|
Play-by-Play
1st period
0:01 of 1st period - Luke Glendening wins face-off versus Luke Kunin in neutral zone.
0:04 of 1st period - Callan Foote is hit by Carl Hagelin and loses puck.
0:27 of 1st period - Boris Katchouk is hit by Mathieu Perreault and loses puck.
0:54 of 1st period - Slapshot by Ty Smith.
0:54 of 1st period - Shot Blocked by Gustav Lindstrom.
1:14 of 1st period - Nate Thompson is hit by Callan Foote and loses puck.
1:34 of 1st period - Snap shot by Luke Kunin.
1:34 of 1st period - Shot Misses the Net.
2:13 of 1st period - Off-side.
2:14 of 1st period - Luke Glendening wins face-off versus Luke Kunin in neutral zone.
2:49 of 1st period - Andrew Ladd is hit by Jean-Luc Foudy and loses puck.
2:56 of 1st period - Boris Katchouk is hit by Andrew Ladd and loses puck.
3:09 of 1st period - Backhand shot by Mathieu Perreault.
3:09 of 1st period - Stopped by David Hrenak with a rebound.
3:11 of 1st period - Slapshot by Mathieu Perreault.
3:11 of 1st period - Stopped by David Hrenak with a rebound.
3:13 of 1st period - Snap shot by Mathieu Perreault.
3:13 of 1st period - Shot Misses the Net.
3:15 of 1st period - Snap shot by Mathieu Perreault.
3:15 of 1st period - Shot Blocked by Michael Vukojevic.
3:17 of 1st period - Wrist shot by Mathieu Perreault.
3:17 of 1st period - Shot Misses the Net.
3:31 of 1st period - Boris Katchouk is hit by Ryan Lindgren and loses puck.
3:40 of 1st period - Backhand shot by Andrew Ladd.
3:40 of 1st period - Stopped by David Hrenak with a rebound.
3:44 of 1st period - Wrist shot by Drake Caggiula.
3:44 of 1st period - Stopped by David Hrenak with a rebound.
3:46 of 1st period - Slapshot by Ben Harpur.
3:46 of 1st period - Shot Blocked by Michael Vukojevic.
4:04 of 1st period - Snap shot by Drake Caggiula.
4:04 of 1st period - Stopped by David Hrenak with a rebound.
4:06 of 1st period - Snap shot by Logan Stanley.
4:06 of 1st period - Stopped by David Hrenak without a rebound.
4:07 of 1st period - Luke Kunin wins face-off versus Luke Glendening in Atlantic City Gamblers zone.
4:22 of 1st period - Wrist shot by Nils Hoglander.
4:22 of 1st period - Stopped by Craig Anderson with a rebound.
5:05 of 1st period - Icing by Logan Stanley.
5:06 of 1st period - Jakub Lauko wins face-off versus Filip Chytil in Rock Island Raccoons zone.
5:07 of 1st period - Snap shot by Egor Sokolov.
5:07 of 1st period - Shot Misses the Net.
5:09 of 1st period - Backhand shot by Callan Foote.
5:09 of 1st period - Deflect By Egor Sokolov.
5:09 of 1st period - Stopped by Craig Anderson with a rebound.
5:11 of 1st period - Slapshot by Alex Beaucage.
5:11 of 1st period - Shot Misses the Net.
5:15 of 1st period - Slapshot by Ty Smith.
5:15 of 1st period - Shot Misses the Net.
5:27 of 1st period - Callan Foote is hit by Dryden Hunt and loses puck.
8:08 of 1st period - Icing by Layton Ahac.
8:09 of 1st period - Luke Glendening wins face-off versus Luke Kunin in Atlantic City Gamblers zone.
8:12 of 1st period - Snap shot by Dryden Hunt.
8:12 of 1st period - Shot Blocked by Nils Hoglander.
8:36 of 1st period - Mathieu Perreault is hit by Egor Sokolov and loses puck.
9:33 of 1st period - Off-side.
9:34 of 1st period - Mathieu Perreault wins face-off versus Alex Beaucage in neutral zone.
10:24 of 1st period - Wrist shot by Nils Hoglander.
10:24 of 1st period - Deflect By Cody Glass.
10:24 of 1st period - Shot Misses the Net.
10:24 of 1st period - Puck is out of play.
10:25 of 1st period - Luke Glendening wins face-off versus Jean-Luc Foudy in Rock Island Raccoons zone.
10:30 of 1st period - Wrist shot by Carl Hagelin.
10:30 of 1st period - Shot Misses the Net.
10:40 of 1st period - Carl Hagelin is hit by Yegor Chinakhov and loses puck.
11:16 of 1st period - Wrist shot by Alex Barre-Boulet.
11:16 of 1st period - Stopped by David Hrenak without a rebound.
11:17 of 1st period - Jakub Lauko wins face-off versus Filip Chytil in Atlantic City Gamblers zone.
11:17 of 1st period - Jakub Lauko is hit by Filip Chytil.
12:03 of 1st period - Minor Penalty to Luke Kunin for Tripping.
12:04 of 1st period - Luke Glendening wins face-off versus Jakub Lauko in Atlantic City Gamblers zone.
12:10 of 1st period - Snap shot by Luke Glendening.
12:10 of 1st period - Stopped by David Hrenak with a rebound.
12:14 of 1st period - Snap shot by Luke Glendening.
12:14 of 1st period - Shot Blocked by Cody Glass.
12:16 of 1st period - Slapshot by Andy Greene.
12:16 of 1st period - Shot Blocked by Cody Glass.
12:18 of 1st period - Slapshot by Brendan Smith.
12:18 of 1st period - Stopped by David Hrenak without a rebound.
12:19 of 1st period - Luke Glendening wins face-off versus Jakub Lauko in Atlantic City Gamblers zone.
12:20 of 1st period - Wrist shot by Carl Hagelin.
12:20 of 1st period - Stopped by David Hrenak without a rebound.
12:21 of 1st period - Luke Glendening wins face-off versus Jakub Lauko in Atlantic City Gamblers zone.
13:08 of 1st period - Callan Foote is hit by Gustav Lindstrom and loses puck.
14:03 of 1st period - Penalty to Luke Kunin is over, Luke Kunin is back on ice.
14:12 of 1st period - Snap shot by Luke Kunin.
14:12 of 1st period - Stopped by Craig Anderson with a rebound.
14:18 of 1st period - Wrist shot by Filip Chytil.
14:18 of 1st period - Goal by Filip Chytil - Rock Island Raccoons : 1 - Atlantic City Gamblers : 0.
14:19 of 1st period - Luke Kunin wins face-off versus Luke Glendening in neutral zone.
14:32 of 1st period - Wrist shot by Luke Kunin.
14:32 of 1st period - Stopped by Craig Anderson with a rebound.
14:34 of 1st period - Snap shot by Luke Kunin.
14:34 of 1st period - Shot Misses the Net.
14:44 of 1st period - Wrist shot by Egor Sokolov.
14:44 of 1st period - Shot Blocked by Ryan Lindgren.
14:46 of 1st period - Wrist shot by Egor Sokolov.
14:46 of 1st period - Shot Misses the Net.
14:54 of 1st period - Snap shot by Jakub Lauko.
14:54 of 1st period - Shot Blocked by Ryan Lindgren.
15:08 of 1st period - Snap shot by Drake Caggiula.
15:08 of 1st period - Stopped by David Hrenak with a rebound.
15:32 of 1st period - Snap shot by Mathieu Perreault.
15:32 of 1st period - Stopped by David Hrenak with a rebound.
15:34 of 1st period - Slapshot by Ryan Lindgren.
15:34 of 1st period - Shot Misses the Net.
15:36 of 1st period - Slapshot by Ryan Lindgren.
15:36 of 1st period - Shot Misses the Net.
15:38 of 1st period - Snap shot by Filip Chytil.
15:38 of 1st period - Shot Misses the Net.
15:40 of 1st period - Wrist shot by Brian Boyle.
15:40 of 1st period - Stopped by David Hrenak with a rebound.
16:02 of 1st period - Wrist shot by Yegor Chinakhov.
16:02 of 1st period - Goal by Yegor Chinakhov - Rock Island Raccoons : 1 - Atlantic City Gamblers : 1.
16:03 of 1st period - Luke Kunin wins face-off versus Luke Glendening in neutral zone.
16:12 of 1st period - Snap shot by Cody Glass.
16:12 of 1st period - Shot Misses the Net.
16:50 of 1st period - Wrist shot by Jakub Lauko.
16:50 of 1st period - Stopped by Craig Anderson with a rebound.
17:16 of 1st period - Slapshot by Nils Hoglander.
17:16 of 1st period - Stopped by Craig Anderson with a rebound.
17:18 of 1st period - Snap shot by Callan Foote.
17:18 of 1st period - Stopped by Craig Anderson without a rebound.
17:19 of 1st period - Luke Kunin wins face-off versus Mathieu Perreault in Rock Island Raccoons zone.
18:13 of 1st period - Snap shot by Alex Barre-Boulet.
18:13 of 1st period - Shot Misses the Net.
18:31 of 1st period - Slapshot by Nils Hoglander.
18:31 of 1st period - Stopped by Craig Anderson without a rebound.
18:32 of 1st period - Mathieu Perreault wins face-off versus Jean-Luc Foudy in Rock Island Raccoons zone.
18:42 of 1st period - Snap shot by Yegor Chinakhov.
18:42 of 1st period - Stopped by Craig Anderson without a rebound.
18:43 of 1st period - Luke Glendening wins face-off versus Jean-Luc Foudy in Rock Island Raccoons zone.
19:09 of 1st period - Drake Caggiula is hit by Alex Beaucage and loses puck.
19:14 of 1st period - Snap shot by Egor Sokolov.
19:14 of 1st period - Shot Blocked by Andy Greene.
19:19 of 1st period - Minor Penalty to Andrew Ladd for Hooking.
19:20 of 1st period - Luke Glendening wins face-off versus Luke Kunin in Rock Island Raccoons zone.
19:32 of 1st period - Snap shot by Cody Glass.
19:32 of 1st period - Shot Misses the Net.
19:56 of 1st period - Wrist shot by Boris Katchouk.
19:56 of 1st period - Shot Misses the Net.
19:58 of 1st period - Slapshot by Callan Foote.
19:58 of 1st period - Goal by Callan Foote - Rock Island Raccoons : 1 - Atlantic City Gamblers : 2.
19:59 of 1st period - Luke Glendening wins face-off versus Luke Kunin in neutral zone.
Goals for this period are 1 for Rock Island Raccoons vs 2 for Atlantic City Gamblers.
Shots for this period are 14 for Rock Island Raccoons vs 11 for Atlantic City Gamblers.
2nd period
0:01 of 2nd period - Luke Glendening wins face-off versus Luke Kunin in neutral zone.
0:06 of 2nd period - Slapshot by Carl Hagelin.
0:06 of 2nd period - Deflect By Luke Glendening.
0:06 of 2nd period - Stopped by David Hrenak with a rebound.
0:08 of 2nd period - Snap shot by Carl Hagelin.
0:08 of 2nd period - Shot Misses the Net.
0:10 of 2nd period - Snap shot by Carl Hagelin.
0:10 of 2nd period - Shot Misses the Net.
0:15 of 2nd period - Minor Penalty to Nils Hoglander for Hooking.
0:16 of 2nd period - Brendan Smith wins face-off versus Luke Kunin in Atlantic City Gamblers zone.
1:29 of 2nd period - Yegor Chinakhov is hit by Andrew Ladd and loses puck.
2:15 of 2nd period - Penalty to Nils Hoglander is over, Nils Hoglander is back on ice.
2:21 of 2nd period - Wrist shot by Jakub Lauko.
2:21 of 2nd period - Stopped by Craig Anderson with a rebound.
2:47 of 2nd period - Minor Penalty to Ronald Attard for Kneeing.
2:48 of 2nd period - Mathieu Perreault wins face-off versus Luke Kunin in Atlantic City Gamblers zone.
2:55 of 2nd period - Snap shot by Mathieu Perreault.
2:55 of 2nd period - Shot Misses the Net.
3:01 of 2nd period - Snap shot by Drake Caggiula.
3:01 of 2nd period - Shot Misses the Net.
3:03 of 2nd period - Wrist shot by Andrew Ladd.
3:03 of 2nd period - Shot Blocked by Luke Kunin.
3:40 of 2nd period - Carl Hagelin is hit by Ty Smith and loses puck.
4:47 of 2nd period - Penalty to Ronald Attard is over, Ronald Attard is back on ice.
4:47 of 2nd period - Icing by Alex Barre-Boulet.
4:48 of 2nd period - Luke Glendening wins face-off versus Jean-Luc Foudy in Rock Island Raccoons zone.
4:59 of 2nd period - Slapshot by Yegor Chinakhov.
4:59 of 2nd period - Deflect By Jean-Luc Foudy.
4:59 of 2nd period - Stopped by Craig Anderson without a rebound.
5:00 of 2nd period - Yegor Chinakhov wins face-off versus Filip Chytil in Rock Island Raccoons zone.
5:05 of 2nd period - Slapshot by Boris Katchouk.
5:05 of 2nd period - Shot Misses the Net.
5:17 of 2nd period - Slapshot by Alex Barre-Boulet.
5:17 of 2nd period - Shot Misses the Net.
5:19 of 2nd period - Slapshot by Logan Stanley.
5:19 of 2nd period - Stopped by David Hrenak with a rebound.
5:21 of 2nd period - Slapshot by Gustav Lindstrom.
5:21 of 2nd period - Shot Misses the Net.
5:29 of 2nd period - Snap shot by Alex Barre-Boulet.
5:29 of 2nd period - Shot Misses the Net.
5:34 of 2nd period - Double Minor Penalty to Yegor Chinakhov for High sticking.
5:35 of 2nd period - Luke Glendening wins face-off versus Luke Kunin in Atlantic City Gamblers zone.
5:35 of 2nd period - Snap shot by Carl Hagelin.
5:35 of 2nd period - Stopped by David Hrenak with a rebound.
7:45 of 2nd period - Jean-Luc Foudy is hit by Dryden Hunt and loses puck.
7:50 of 2nd period - Snap shot by Alex Barre-Boulet.
7:50 of 2nd period - Shot Hit the Post.
7:52 of 2nd period - Slapshot by Dryden Hunt.
7:52 of 2nd period - Goal by Dryden Hunt - Rock Island Raccoons : 2 - Atlantic City Gamblers : 2.
7:53 of 2nd period - Luke Glendening wins face-off versus Luke Kunin in neutral zone.
7:56 of 2nd period - Luke Kunin is hit by Luke Glendening and loses puck.
8:03 of 2nd period - Slapshot by Carl Hagelin.
8:03 of 2nd period - Shot Misses the Net.
8:05 of 2nd period - Snap shot by Luke Glendening.
8:05 of 2nd period - Shot Misses the Net.
8:26 of 2nd period - Slapshot by Boris Katchouk.
8:26 of 2nd period - Shot Misses the Net.
8:28 of 2nd period - Slapshot by Thomas Harley.
8:28 of 2nd period - Shot Misses the Net.
9:16 of 2nd period - Snap shot by Luke Glendening.
9:16 of 2nd period - Deflect By Brendan Smith.
9:16 of 2nd period - Shot Misses the Net.
9:16 of 2nd period - Puck is out of play.
9:17 of 2nd period - Jean-Luc Foudy wins face-off versus Luke Glendening in Atlantic City Gamblers zone.
9:26 of 2nd period - Snap shot by Yegor Chinakhov.
9:26 of 2nd period - Stopped by Craig Anderson without a rebound.
9:27 of 2nd period - Luke Glendening wins face-off versus Luke Kunin in Rock Island Raccoons zone.
9:34 of 2nd period - Callan Foote is hit by Luke Glendening and loses puck.
9:57 of 2nd period - Snap shot by Drake Caggiula.
9:57 of 2nd period - Deflect By Mathieu Perreault.
9:57 of 2nd period - Shot Blocked by Yegor Chinakhov.
9:57 of 2nd period - Puck is out of play.
9:58 of 2nd period - Jean-Luc Foudy wins face-off versus Mathieu Perreault in Atlantic City Gamblers zone.
10:45 of 2nd period - Ben Harpur is hit by Jakub Lauko.
10:55 of 2nd period - Snap shot by Egor Sokolov.
10:55 of 2nd period - Shot Blocked by Jake Walman.
11:09 of 2nd period - Slapshot by Andrew Ladd.
11:09 of 2nd period - Shot Misses the Net.
11:31 of 2nd period - Icing by Thomas Harley.
11:32 of 2nd period - Alex Beaucage wins face-off versus Luke Glendening in Atlantic City Gamblers zone.
11:32 of 2nd period - Alex Beaucage is hit by Andy Greene.
12:10 of 2nd period - Icing by Nils Hoglander.
12:11 of 2nd period - Luke Kunin wins face-off versus Filip Chytil in Atlantic City Gamblers zone.
12:18 of 2nd period - Snap shot by Yegor Chinakhov.
12:18 of 2nd period - Stopped by Craig Anderson with a rebound.
12:20 of 2nd period - Wrist shot by Yegor Chinakhov.
12:20 of 2nd period - Goal by Yegor Chinakhov - Rock Island Raccoons : 2 - Atlantic City Gamblers : 3.
12:21 of 2nd period - Luke Glendening wins face-off versus Nils Hoglander in neutral zone.
12:28 of 2nd period - Wrist shot by Carl Hagelin.
12:28 of 2nd period - Shot Blocked by Callan Foote.
12:29 of 2nd period - Minor Penalty to Luke Kunin for Tripping.
12:30 of 2nd period - Luke Glendening wins face-off versus Jakub Lauko in Atlantic City Gamblers zone.
12:31 of 2nd period - Wrist shot by Carl Hagelin.
12:31 of 2nd period - Deflect By Brendan Smith.
12:31 of 2nd period - Shot Misses the Net.
12:31 of 2nd period - Puck is out of play.
12:32 of 2nd period - Jakub Lauko wins face-off versus Luke Glendening in Atlantic City Gamblers zone.
12:43 of 2nd period - Wrist shot by Luke Glendening.
12:43 of 2nd period - Goal by Luke Glendening - Rock Island Raccoons : 3 - Atlantic City Gamblers : 3.
12:44 of 2nd period - Luke Kunin wins face-off versus Luke Glendening in neutral zone.
12:55 of 2nd period - Snap shot by Nils Hoglander.
12:55 of 2nd period - Stopped by Craig Anderson with a rebound.
12:57 of 2nd period - Wrist shot by Luke Kunin.
12:57 of 2nd period - Shot Blocked by Carl Hagelin.
12:59 of 2nd period - Slapshot by Nils Hoglander.
12:59 of 2nd period - Shot Blocked by Carl Hagelin.
13:23 of 2nd period - Icing by Drake Caggiula.
13:24 of 2nd period - Mathieu Perreault wins face-off versus Luke Kunin in Rock Island Raccoons zone.
13:35 of 2nd period - Snap shot by Andrew Ladd.
13:35 of 2nd period - Shot Misses the Net.
14:17 of 2nd period - Slapshot by Boris Katchouk.
14:17 of 2nd period - Stopped by Craig Anderson with a rebound.
14:31 of 2nd period - Alex Barre-Boulet is hit by Luke Kunin.
15:09 of 2nd period - Icing by Drake Caggiula.
15:10 of 2nd period - Luke Glendening wins face-off versus Jean-Luc Foudy in Rock Island Raccoons zone.
15:20 of 2nd period - Slapshot by Boris Katchouk.
15:20 of 2nd period - Stopped by Craig Anderson with a rebound.
15:22 of 2nd period - Wrist shot by Boris Katchouk.
15:22 of 2nd period - Stopped by Craig Anderson with a rebound.
15:24 of 2nd period - Snap shot by Jean-Luc Foudy.
15:24 of 2nd period - Stopped by Craig Anderson with a rebound.
15:26 of 2nd period - Wrist shot by Boris Katchouk.
15:26 of 2nd period - Stopped by Craig Anderson without a rebound.
15:27 of 2nd period - Mathieu Perreault wins face-off versus Luke Kunin in Rock Island Raccoons zone.
15:27 of 2nd period - Mathieu Perreault is hit by Ty Smith.
15:33 of 2nd period - Snap shot by Andrew Ladd.
15:33 of 2nd period - Shot Hit the Post.
16:03 of 2nd period - Wrist shot by Brendan Smith.
16:03 of 2nd period - Stopped by David Hrenak with a rebound.
16:13 of 2nd period - Slapshot by Ronald Attard.
16:13 of 2nd period - Stopped by Craig Anderson with a rebound.
16:33 of 2nd period - Wrist shot by Alex Beaucage.
16:33 of 2nd period - Stopped by Craig Anderson with a rebound.
16:39 of 2nd period - Snap shot by Luke Kunin.
16:39 of 2nd period - Stopped by Craig Anderson with a rebound.
16:48 of 2nd period - Icing by Carl Hagelin.
16:49 of 2nd period - Mathieu Perreault wins face-off versus Jean-Luc Foudy in Rock Island Raccoons zone.
16:49 of 2nd period - Mathieu Perreault is hit by Ty Smith.
16:52 of 2nd period - Icing by Andrew Ladd.
16:53 of 2nd period - Mathieu Perreault wins face-off versus Jean-Luc Foudy in Rock Island Raccoons zone.
17:26 of 2nd period - Slapshot by Egor Sokolov.
17:26 of 2nd period - Stopped by Craig Anderson with a rebound.
18:09 of 2nd period - Wrist shot by Filip Chytil.
18:09 of 2nd period - Stopped by David Hrenak with a rebound.
Goals for this period are 2 for Rock Island Raccoons vs 1 for Atlantic City Gamblers.
Shots for this period are 7 for Rock Island Raccoons vs 15 for Atlantic City Gamblers.
3rd period
0:01 of 3rd period - Luke Kunin wins face-off versus Luke Glendening in neutral zone.
0:28 of 3rd period - Slapshot by Ty Smith.
0:28 of 3rd period - Stopped by Craig Anderson with a rebound.
0:56 of 3rd period - Snap shot by Filip Chytil.
0:56 of 3rd period - Stopped by David Hrenak with a rebound.
0:58 of 3rd period - Slapshot by Gustav Lindstrom.
0:58 of 3rd period - Stopped by David Hrenak without a rebound.
0:59 of 3rd period - Luke Kunin wins face-off versus Luke Glendening in Atlantic City Gamblers zone.
1:07 of 3rd period - Off-side.
1:08 of 3rd period - Luke Glendening wins face-off versus Luke Kunin in neutral zone.
1:16 of 3rd period - Brendan Smith is hit by Luke Kunin and loses puck.
1:29 of 3rd period - Slapshot by Carl Hagelin.
1:29 of 3rd period - Stopped by David Hrenak with a rebound.
1:33 of 3rd period - Wrist shot by Carl Hagelin.
1:33 of 3rd period - Shot Blocked by Cam Dineen.
1:35 of 3rd period - Snap shot by Logan Stanley.
1:35 of 3rd period - Shot Misses the Net.
1:39 of 3rd period - Wrist shot by Carl Hagelin.
1:39 of 3rd period - Shot Blocked by Nils Hoglander.
1:41 of 3rd period - Snap shot by Carl Hagelin.
1:41 of 3rd period - Shot Blocked by Luke Kunin.
1:43 of 3rd period - Slapshot by Logan Stanley.
1:43 of 3rd period - Stopped by David Hrenak without a rebound.
1:44 of 3rd period - Drake Caggiula wins face-off versus Boris Katchouk in Atlantic City Gamblers zone.
1:48 of 3rd period - Minor Penalty to Boris Katchouk for Hooking.
1:49 of 3rd period - Luke Glendening wins face-off versus Luke Kunin in Atlantic City Gamblers zone.
2:54 of 3rd period - Drake Caggiula is hit by Ronald Attard and loses puck.
2:59 of 3rd period - Snap shot by Nils Hoglander.
2:59 of 3rd period - Stopped by Craig Anderson without a rebound.
3:00 of 3rd period - Mathieu Perreault wins face-off versus Yegor Chinakhov in Rock Island Raccoons zone.
3:45 of 3rd period - Cody Glass is hit by Mathieu Perreault and loses puck.
3:48 of 3rd period - Penalty to Boris Katchouk is over, Boris Katchouk is back on ice.
3:58 of 3rd period - Wrist shot by Cody Glass.
3:58 of 3rd period - Stopped by Craig Anderson without a rebound.
3:59 of 3rd period - Jakub Lauko wins face-off versus Filip Chytil in Rock Island Raccoons zone.
4:08 of 3rd period - Wrist shot by Jakub Lauko.
4:08 of 3rd period - Stopped by Craig Anderson with a rebound.
4:10 of 3rd period - Snap shot by Alex Beaucage.
4:10 of 3rd period - Stopped by Craig Anderson with a rebound.
4:12 of 3rd period - Wrist shot by Alex Beaucage.
4:12 of 3rd period - Shot Misses the Net.
4:14 of 3rd period - Slapshot by Michael Vukojevic.
4:14 of 3rd period - Shot Misses the Net.
4:20 of 3rd period - Minor Penalty to Jake Walman for Hooking.
4:21 of 3rd period - Luke Glendening wins face-off versus Luke Kunin in Rock Island Raccoons zone.
4:46 of 3rd period - Carl Hagelin is hit by Yegor Chinakhov and loses puck.
5:11 of 3rd period - Brendan Smith is hit by Luke Kunin and loses puck.
5:26 of 3rd period - Nils Hoglander is hit by Logan Stanley and loses puck.
5:37 of 3rd period - Andy Greene is hit by Callan Foote and loses puck.
6:20 of 3rd period - Penalty to Jake Walman is over, Jake Walman is back on ice.
6:33 of 3rd period - Wrist shot by Logan Stanley.
6:33 of 3rd period - Stopped by David Hrenak with a rebound.
8:27 of 3rd period - Wrist shot by Sam Carrick.
8:27 of 3rd period - Stopped by David Hrenak with a rebound.
10:17 of 3rd period - Nick Henry is hit by Drake Caggiula and loses puck.
10:28 of 3rd period - Egor Sokolov is hit by Brendan Smith and loses puck.
11:21 of 3rd period - Cam Dineen is hit by Ben Harpur and loses puck.
12:43 of 3rd period - Snap shot by Luke Glendening.
12:43 of 3rd period - Deflect By Dryden Hunt.
12:43 of 3rd period - Stopped by David Hrenak without a rebound.
12:44 of 3rd period - Luke Glendening wins face-off versus Jakub Lauko in Atlantic City Gamblers zone.
12:59 of 3rd period - Ty Smith is hit by Filip Chytil and loses puck.
13:18 of 3rd period - Ty Smith is hit by Gustav Lindstrom and loses puck.
13:23 of 3rd period - Slapshot by Mathieu Perreault.
13:23 of 3rd period - Shot Misses the Net.
13:25 of 3rd period - Wrist shot by Mathieu Perreault.
13:25 of 3rd period - Shot Misses the Net.
13:27 of 3rd period - Wrist shot by Andrew Ladd.
13:27 of 3rd period - Shot Blocked by Nils Hoglander.
15:00 of 3rd period - Snap shot by Carl Hagelin.
15:00 of 3rd period - Stopped by David Hrenak with a rebound.
15:02 of 3rd period - Slapshot by Andrew Ladd.
15:02 of 3rd period - Stopped by David Hrenak without a rebound.
15:03 of 3rd period - Andrew Ladd wins face-off versus Jean-Luc Foudy in Atlantic City Gamblers zone.
15:16 of 3rd period - Luke Glendening is hit by Yegor Chinakhov and loses puck.
15:29 of 3rd period - Cody Glass is hit by Brian Boyle and loses puck.
15:52 of 3rd period - Slapshot by Jake Walman.
15:52 of 3rd period - Shot Blocked by Ty Smith.
16:10 of 3rd period - Jean-Luc Foudy is hit by Luke Glendening and loses puck.
16:45 of 3rd period - Wrist shot by Filip Chytil.
16:45 of 3rd period - Shot Blocked by Cam Dineen.
16:47 of 3rd period - Wrist shot by Brian Boyle.
16:47 of 3rd period - Goal by Brian Boyle - Rock Island Raccoons : 4 - Atlantic City Gamblers : 3.
16:48 of 3rd period - Luke Glendening wins face-off versus Luke Kunin in neutral zone.
17:03 of 3rd period - Luke Glendening is hit by Cody Glass and loses puck.
18:45 of 3rd period - Drake Caggiula is hit by Egor Sokolov and loses puck.
18:48 of 3rd period - Atlantic City Gamblers, David Hrenak is pulled from the net.
18:53 of 3rd period - Minor Penalty to Andrew Ladd for Hooking.
18:54 of 3rd period - Luke Kunin wins face-off versus Luke Glendening in Rock Island Raccoons zone.
18:56 of 3rd period - Slapshot by Cody Glass.
18:56 of 3rd period - Shot Blocked by Luke Glendening.
19:30 of 3rd period - Brendan Smith is hit by Ty Smith and loses puck.
Goals for this period are 1 for Rock Island Raccoons vs 0 for Atlantic City Gamblers.
Shots for this period are 10 for Rock Island Raccoons vs 5 for Atlantic City Gamblers.
Back to the Top